 Dungeon Crawl Stone Soup version 0.22-a0-113-gdd6f4a9 (webtiles) character file.

2028 galech the Grappler (level 9, -7/89 HPs)
             Began as a Troll Monk on Jan 28, 2018.
             Mangled by a hornet (15 damage)
             ... on level 5 of the Dungeon.
             The game lasted 00:05:41 (3637 turns).

galech the Grappler (Troll Monk)                    Turns: 3637, Time: 00:05:42

Health: -7/89      AC:  5    Str: 24    XL:     9   Next: 3%
Magic:  8/8        EV: 11    Int:  6    God:
Gold:   210        SH:  0    Dex: 12    Spells: 8/8 levels left

rFire    . . .     SeeInvis .     - Unarmed
rCold    . . .     Gourm    +   (no shield)
rNeg     . . .     Faith    .   a - +0 robe
rPois    .         Spirit   .   (helmet restricted)
rElec    .         Reflect  .   (no cloak)
rCorr    .         Harm     .   (gloves unavailable)
MR       .....                  (boots unavailable)
Stlth    ++........             (no amulet)
HPRegen  0.64/turn              (no ring)
MPRegen  0.11/turn              (no ring)

@: lethally poisoned (-7 -> -22), slowed, very slow
A: large, unfitting armour, claws 3, fast metabolism 3, gourmand, regeneration
1, shaggy fur 1, tough skin 2
a: no special abilities


You were on level 5 of the Dungeon.
You were completely stuffed.

You visited 1 branch of the dungeon, and saw 5 of its levels.

You collected 210 gold pieces.

Inventory:

Armour
 a - a +0 robe (worn)
Scrolls
 c - 4 scrolls of identify {unknown}
 d - a scroll of enchant weapon {unknown}
 e - a scroll of enchant armour {unknown}
 g - 2 scrolls of remove curse {unknown}
 k - 3 scrolls of teleportation {unknown}
 m - a scroll of noise {unknown}
 n - a scroll of random uselessness {unknown}
 o - a scroll of fear {unknown}
Potions
 f - 2 potions of lignification {unknown}
 h - 2 potions of resistance {unknown}
 i - a potion of might {unknown}
 j - a potion of flight {unknown}
 l - 3 potions of curing {unknown}
 q - a potion of heal wounds {unknown}
 r - a potion of degeneration {unknown}
 s - a potion of mutation {unknown}
 t - a potion of invisibility {unknown}
Comestibles
 b - 11 rations
 p - 13 chunks of flesh


   Skills:
 + Level 6.2 Fighting
 - Level 2.9 Dodging
 - Level 1.0 Stealth
 * Level 9.9 Unarmed Combat


You had 8 spell levels left.
You didn't know any spells.

Dungeon Overview and Level Annotations

Branches:
Dungeon (5/15)
 Temple: D:4-7

Altars:
Sif Muna
Zin
The Shining One


Innate Abilities, Weirdness & Mutations

You are too large for most types of armour.
You have claws for hands.
Your metabolism is lightning-fast.
You like to eat raw meat.
Your natural rate of healing is unusually fast.
You are covered in fur. (AC +1)
You have very tough skin. (AC +2)


Message History

You suddenly lose the ability to move!
The hornet stings you!
* * * LOW HITPOINT WARNING * * *
You are more poisoned.
You feel as though you will be slow longer.
You feel sick.
The hornet stings you but does no damage.
You feel sick. The hornet stings you.
* * * LOW HITPOINT WARNING * * *
You are lethally poisoned!
You feel as though you will be slow longer.
The hornet stings you.
* * * LOW HITPOINT WARNING * * *
You feel as though you will be slow longer.
You can move again.
You barely miss the hornet. Your claw misses the hornet.
The hornet is almost dead.
* * * LOW HITPOINT WARNING * * *
You feel very sick. The hornet stings you!
You die...

#### #.. ######### #.#
........#####.#####
...................
######.###.#.#.###
#.########.# #.#.#.###
#...y@))...###.#......
#########..#....##.###
...#....##.# #
##.##....##.# #
#.##...(##.# #
#.##....##.# #
#.##....##.# #
#.##....##.#
#.####.###.#


You could see a hornet.

Vanquished Creatures
  Pikel (D:4)
  The ghost of ThereIsNoGod the Digger, a novice FoEE (D:3)
  Grinder (D:5)
  The ghost of ThereIsNoGod the Digger, an amateur FoEE (D:4)
  Sigmund (D:2)
  3 slaves (D:4)
  A howler monkey (D:4)
  A bullfrog skeleton (D:4)
  4 orc priests
  A hound (D:4)
  A jelly (D:1)
  Jessica (D:2)
  4 orc wizards (D:4)
  3 worker ants (D:4)
  4 gnolls
  7 adders
  6 oozes (D:1)
  An adder skeleton (D:4)
  A worm (D:2)
  3 dart slugs
  4 leopard geckos
  23 orcs
  5 bats
  5 giant cockroaches (D:1)
  4 goblins
  3 hobgoblins
  7 jackals
  5 quokkas
  A ball python (D:3)
  3 frilled lizards
  9 kobolds
  15 rats
130 creatures vanquished.

Notes
Turn   | Place    | Note
-------+----------+-------------------------------------------
     0 | D:1      | galech the Troll Monk began the quest for the Orb.
     0 | D:1      | Reached XP level 1. HP: 22/22 MP: 0/0
     1 | D:1      | Found a runed door.
     3 | D:1      | Noticed a jelly
    19 | D:1      | Reached XP level 2. HP: 10/29 MP: 1/1
   371 | D:1      | Reached XP level 3. HP: 36/36 MP: 2/2
  1022 | D:2      | Noticed Jessica
  1026 | D:2      | Killed Jessica
  1026 | D:2      | Reached skill level 4 in Unarmed Combat
  1026 | D:2      | Reached XP level 4. HP: 44/45 MP: 3/3
  1365 | D:2      | Noticed Sigmund
  1378 | D:2      | Killed Sigmund
  1378 | D:2      | Reached skill level 5 in Unarmed Combat
  1378 | D:2      | Reached XP level 5. HP: 27/54 MP: 4/4
  1378 | D:2      | Reached XP level 6. HP: 31/62 MP: 5/5
  1616 | D:3      | Noticed ThereIsNoGod's ghost (novice FoEE)
  1629 | D:3      | Killed ThereIsNoGod's ghost
  1629 | D:3      | Reached skill level 6 in Unarmed Combat
  1629 | D:3      | Reached XP level 7. HP: 20/71 MP: 6/6
  1923 | D:3      | Found a deep blue altar of Sif Muna.
  2491 | D:4      | Reached skill level 7 in Unarmed Combat
  2693 | D:4      | Noticed Pikel
  2706 | D:4      | Killed Pikel
  2706 | D:4      | Reached skill level 5 in Fighting
  2706 | D:4      | Reached skill level 8 in Unarmed Combat
  2706 | D:4      | Reached XP level 8. HP: 44/81 MP: 7/7
  2707 | D:4      | Found a glowing silver altar of Zin.
  2954 | D:4      | Reached skill level 9 in Unarmed Combat
  3167 | D:4      | Noticed ThereIsNoGod's ghost (amateur FoEE)
  3173 | D:4      | Killed ThereIsNoGod's ghost
  3377 | D:4      | Found a glowing golden altar of the Shining One.
  3400 | D:5      | Entered Level 5 of the Dungeon
  3450 | D:5      | Noticed Grinder
  3464 | D:5      | Paralysed by Grinder for 6 turns
  3519 | D:5      | Killed Grinder
  3519 | D:5      | Reached XP level 9. HP: 86/89 MP: 8/8
  3634 | D:5      | Paralysed by a hornet for 3 turns
  3637 | D:5      | Mangled by a hornet

Vault maps used:
D:1:      dpeg_arrival_caged_fury, serial_bayou_lake_a
D:2:      uniq_sigmund, uniq_jessica
D:3:      nicolae_overflow_hidden_temple, first_ration, minivault_25,
          serial_park_tiny_2, st_stairs_1
D:4:      lemuel_round_altar, tso_altar, uniq_pikel
D:5:      nemelex_xobeh_ov_fountains_minmay, uniq_grinder

Skill      XL: |  1  2  3  4  5  6  7  8 |
---------------+-------------------------+-----
Fighting       | 3 4 5 6 |  6.2
Unarmed Combat | 4 5 6 8 9 |  9.9
Dodging        | |  2.9
Stealth        | |  1.0

Action                   |  1- 3 |  4- 6 |  7- 9 || total
-------------------------+-------+-------+-------++-------
Melee: Unarmed           |    69 |    48 |   203 ||   320
       Punch             |       |     2 |     5 ||     7
 Stab: Sleeping          |     3 |     2 |     4 ||     9
       Distracted        |       |       |     1 ||     1
  Eat: Chunk             |    13 |     8 |    18 ||    39
Armor: Robe              |    28 |    11 |    50 ||    89
Dodge: Dodged            |    32 |    17 |    81 ||   130

Table legend:
 A = Spawn XP
 B = Non-spawn XP
 C = Spawn XP percentage of total XP
 D = Spawn monster count
 E = Non-spawn monster count
 F = Spawn count percentage of total count
 G = Total turns spent on level
                    A         B        C        D         E        F      G
               +---------+---------+-------+---------+---------+-------+---------
         Total |       0 |    2898 |   0.0 |       0 |     127 |   0.0 |  3637
               +---------+---------+-------+---------+---------+-------+---------
           D:1 |       0 |     154 |   0.0 |       0 |      41 |   0.0 |   956
           D:2 |       0 |     358 |   0.0 |       0 |      20 |   0.0 |   690
           D:3 |       0 |     436 |   0.0 |       0 |      14 |   0.0 |   924
           D:4 |       0 |    1500 |   0.0 |       0 |      35 |   0.0 |   830
           D:5 |       0 |     450 |   0.0 |       0 |      17 |   0.0 |   237
               +---------+---------+-------+---------+---------+-------+---------
